[Event "Early-Titled-Tuesday-Blitz-October-24-2023"]
[Site "Chess.com"]
[Date "2023.10.24"]
[Round "1"]
[White "Magila31"]
[Black "Martial2008"]
[Result "1/2-1/2"]
[WhiteElo "2358"]
[BlackElo "2658"]
[TimeControl "180+1"]
[EndTime "8:07:47 PDT"]
[Termination "Game drawn by repetition"]

1. Nf3 Nf6 2. g3 d5 3. Bg2 Bg4 4. O-O Nbd7 5. d4 e6 6. Nbd2 Be7 7. b3 O-O 8. Bb2 c6 9. c4 h6 10. Qc2 Bf5 11. Qc1 a5 12. Ba3 a4 13. Bxe7 Qxe7 14.
Qc3 Ne4 15. Nxe4 Bxe4 16. Nd2 Bxg2 17. Kxg2 Nf6 18. b4 Rfc8 19. Rab1 b5 20. c5 h5 21. h3 Re8 22. f4 Rad8 23. Qd3 g6 24. Rbe1 Kg7 25.
e4 dxe4 26. Nxe4 Nxe4 27. Rxe4 Rd5 28. a3 Red8 29. Qe3 Qf6 30. Rd1 Qf5 31. Rd2 Kf8 32. Rd3 Qf6 33. Re5 Qe7 34. f5 gxf5 35. Rxd5 Rxd5 36. Qh6+ Kg8 37. Qxh5 Qf6 38. Qd1 Kf8 39.
Qd2 Ke8 40. Qf4 Qd8 41. h4 Qd7 42. h5 e5 43. Qg5 Rxd4 44. Rxd4 Qxd4 45. h6 e4 46. h7 Kd7 47. Qxf5+ Ke7 48. Qg5+ Kd7 49. Qf5+ Ke7 50. Qg5+ Kd7 51. Qf5+ 1/2-1/2

[Event "Early-Titled-Tuesday-Blitz-October-24-2023"]
[Site "Chess.com"]
[Date "2023.10.24"]
[Round "1"]
[White "mary-sanna"]
[Black "zajka-molotok"]
[Result "0-1"]
[WhiteElo "2204"]
[BlackElo "2563"]
[TimeControl "180+1"]
[EndTime "8:07:48 PDT"]
[Termination "zajka-molotok won on time"]

1. d4 Nf6 2. c4 e6 3. Nf3 c5 4. d5 d6 5. Nc3 exd5 6. cxd5 g6 7.
h3 Bg7 8. e4 a6 9. a4 O-O 10.
Be2 Re8 11. Qc2 Nbd7 12. O-O Rb8 13. Bf4 Qe7 14. Rfe1 Nh5 15. Bg5 Qf8 16. Bf1 h6 17. Bd2 Nhf6 18. Rab1 Ne5 19. Nxe5 Rxe5 20. Bf4 Re8 21.
Qd2 Kh7 22. e5 Nh5 23. exd6 Rxe1 24. Rxe1 Nxf4 25. Qxf4 g5 26. Bd3+ Kg8 27. Qg3 Bd7 28. Re7 Rd8 29. Ne4 b6 30. Bxa6 f5 31. Nc3 f4 32.
Qd3 Bf5 33. Qe2 Bf6 34. Bb5 Bg6 35. Re6 Bf5 36. Re7 Bg6 37. Re6 Rxd6 38. Rxd6 Qxd6 39. Bc6 Be5 40. Nb5 Qf6 41. Qd3 Bxd3 0-1

[Event "Early-Titled-Tuesday-Blitz-October-24-2023"]
[Site "Chess.com"]
[Date "2023.10.24"]
[Round "1"]
[White "RobertoJBM"]
[Black "slorovel"]
[Result "0-1"]
[WhiteElo "2797"]
[BlackElo "2463"]
[TimeControl "180+1"]
[EndTime "8:07:49 PDT"]
[Termination "slorovel won by resignation"]

1. d4 Nf6 2. c4 e6 3. Nf3 d5 4.
Nc3 Bb4 5. Qa4+ Nc6 6. Bg5 O-O 7. e3 Bd7 8. Qc2 h6 9. Bxf6 Qxf6 10. a3 Bxc3+ 11.
Qxc3 Rfe8 12. Be2 dxc4 13. Bxc4 e5 14. d5 Nd4 15. Nd2 Nb5 16. Qc2 Nd6 17. O-O a6 18.
Be2 Rac8 19. Rac1 e4 20. Nc4 Qg5 21. Rfd1 h5 22. Nxd6 cxd6 23. Qd2 h4 24. Qb4 h3 25. g3 Rxc1 26. Rxc1 Bg4 27. Bf1 Qxd5 28. Rc2 Rc8 29. Rd2 Qe5 30. Rxd6 Rc1 31. Rd8+ Kh7 32. Qd2 Rd1 33.
Qxd1 Bxd1 34. Rxd1 Qxb2 35. a4 Qb3 36. Rd4 Qb1 37. a5 Qa1 38. Rb4 Qxa5 39. Rxb7 Qa1 40.
Rxf7 a5 41. f3 exf3 42. Rxf3 a4 43. Kf2 a3 44. g4 a2 45. Bd3+ Kg8 46. Bc4+ Kh7 47.
Bd3+ g6 48. Rf7+ Qg7 49. Rf3 a1=Q 50. Rxh3+ Kg8 51. Bc4+ Qf7+ 0-1

[Event "Early-Titled-Tuesday-Blitz-October-24-2023"]
[Site "Chess.com"]
[Date "2023.10.24"]
[Round "1"]
[White "rachidhuilda"]
[Black "jk13"]
[Result "0-1"]
[WhiteElo "2363"]
[BlackElo "2688"]
[TimeControl "180+1"]
[EndTime "8:07:50 PDT"]
[Termination "jk13 won by resignation"]

1. d4 Nf6 2. Bg5 Ne4 3. Bf4 Nc6 4. d5 e5 5. Bc1 Ne7 6. f3 Nf6 7. Nc3 Ng6 8. e4 Bc5 9. Qd3 d6 10. Be3 Bxe3 11. Qxe3 O-O 12. O-O-O Nd7 13. Kb1 Nc5 14. h4 f5 15. exf5 Bxf5 16. g4 Bd7 17. h5 Nf4 18. Nh3 Qe7 19. Nxf4 Rxf4 20. Be2 Raf8 21. h6 g6 22. a3 a5 23. Rh3 Qe8 24. Ne4 Nxe4 25. fxe4 Bxg4 26. Bxg4 Rxg4 27. Rf3 Rgf4 28. Rxf4 Rxf4 29.
Qe2 b6 30. Rf1 Qf8 31. Rxf4 Qxf4 32. Qc4 Qf7 33. Qc6 Kf8 34. Qa8+ Ke7 35. Qc8 Kf6 36. Qh8+ Kg5 37. Qg7 Qf1+ 38. Ka2 Qc4+ 39. Kb1 Qxe4 40. Qxh7 Qh1+ 41. Ka2 Qxh6 42. Qe7+ Kf4 43. Qxc7 g5 44. Qxb6 g4 45. Qf2+ Ke4 46. Qg2+ Kf5 47. Qf1+ Qf4 48.
Qd3+ Kg5 49. Qh7 g3 50. Qe7+ Kg4 51. Qxd6 g2 52. Qg6+ Kh3 53. Qh5+ Kg3 54. Qg6+ Kf2 55. Qb6+ Kf1 56. Qb5+ Ke1 57. Qc5 Qd4 58. Qxa5+ Kd1 59. c3 Qc4+ 60. b3 Qe2+ 61. Kb1 g1=Q 0-1

[Event "Early-Titled-Tuesday-Blitz-October-24-2023"]
[Site "Chess.com"]
[Date "2023.10.24"]
[Round "1"]
[White "Malev212"]
[Black "KorolDimitriy75"]
[Result "1-0"]
[WhiteElo "2657"]
[BlackElo "2338"]
[TimeControl "180+1"]
[EndTime "8:07:51 PDT"]
[Termination "Malev212 won on time"]

1. e4 c5 2. Nf3 d6 3. Bb5+ Nd7 4. Ba4 Nf6 5. Qe2 g6 6. O-O Bg7 7. c4 O-O 8. Nc3 Nb8 9. d4 cxd4 10. Nxd4 Bd7 11.
Bxd7 Qxd7 12. Rd1 Nc6 13. Nxc6 Qxc6 14. Bg5 Rfe8 15. Rac1 h6 16. Bh4 Rac8 17. b3 a6 18.
f3 Kh7 19. Bf2 Qc7 20. Be3 Qa5 21. Bd4 b5 22. c5 e5 23. Be3 dxc5 24. Nd5 Nxd5 25.
Rxd5 Qa3 26. Rdxc5 Rxc5 27. Rxc5 Rd8 28. Rc2 Rd7 29.
h4 h5 30. Bc5 Qa5 31. b4 Qd8 32. Qf2 Bf6 33. g3 Rd1+ 34. Kg2 Qd3 35. Qe2 Qxe2+ 36.
Rxe2 Ra1 37. Rd2 Kg7 38. f4 exf4 39. gxf4 Bc3 40. Rc2 Bf6 41. Kh3 Rh1+ 42. Kg3 Bxh4+ 43. Kg2 Rb1 44. Bd4+ Bf6 45. e5 Be7 46. Bc5 1-0

[Event "Early-Titled-Tuesday-Blitz-October-24-2023"]
[Site "Chess.com"]
[Date "2023.10.24"]
[Round "1"]
[White "KVAIDAN"]
[Black "dawid498"]
[Result "0-1"]
[WhiteElo "2375"]
[BlackElo "2695"]
[TimeControl "180+1"]
[EndTime "8:07:52 PDT"]
[Termination "dawid498 won by resignation"]

1. f4 c5 2. Nf3 g6 3. d3 Bg7 4. e4 d5 5. Be2 Nc6 6. O-O e6 7. Nc3 Nge7 8. Qe1 Nd4 9. Bd1 b6 10.
Qh4 dxe4 11. dxe4 Nec6 12. Qg3 O-O 13. Be3 Ba6 14. Re1 Nxf3+ 15. Bxf3 Nd4 16. Bd1 Qc7 17. e5 Rad8 18. Ne4 Nf5 19. Qf2 Bb7 20. Bf3 Nd4 21. Bd1 Bxe4 22. Bxd4 Rxd4 23. c3 Rxd1 24. Raxd1 Bd5 25. b3 c4 26. b4 f6 27. exf6 Bxf6 28. Re3 Bg7 29. Rde1 Qxf4 30. Qxf4 Rxf4 31. g3 Rf7 32. a4 a6 33. Rd1 Kf8 34. Rf1 Bf6 35.
Rf4 Ke7 36. h4 Rg7 37. Rf2 h5 38. Rd2 Kd6 39. Rf2 Be7 40. Kh2 a5 41. bxa5 bxa5 42.
Rb2 Kc6 43. Re1 Rf7 44. Ree2 Bd6 45. Rf2 Rxf2+ 46. Rxf2 Be5 47. Rc2 Kd6 48. Kg1 Bc6 49.
Kf2 Bxa4 50. Ra2 Bc6 51. Rxa5 Bxc3 52. Ra2 Bd4+ 53. Ke2 e5 54. Ra3 Be4 55. Ra6+ Kd5 56. Ra5+ Ke6 57. Ra4 c3 58. Rc4 Kf5 59. Rc8 Kg4 60. Rg8 c2 61. Rc8 Kxg3 62. Kd2 Kxh4 63. Rf8 g5 64. Ra8 Be3+ 65. Kxe3 c1=Q+ 66. Kxe4 Qf4+ 67. Kd3 Qf3+ 68. Kd2 Qxa8 0-1

[Event "Early-Titled-Tuesday-Blitz-October-24-2023"]
[Site "Chess.com"]
[Date "2023.10.24"]
[Round "1"]
[White "Elprofessor21"]
[Black "vedantgoswami"]
[Result "0-1"]
[WhiteElo "2673"]
[BlackElo "2382"]
[TimeControl "180+1"]
[EndTime "8:07:53 PDT"]
[Termination "vedantgoswami won by resignation"]

1. b3 b6 2. Nf3 Bb7 3. g3 g6 4.
Bb2 Nf6 5. Bg2 Bg7 6. O-O O-O 7. c4 c5 8. Nc3 d6 9. d4 cxd4 10. Nxd4 Bxg2 11. Kxg2 a6 12. f3 d5 13. cxd5 Nxd5 14. Nxd5 Qxd5 15. Qd3 Rd8 16. Rad1 e5 17. Nc2 Qxd3 18.
exd3 Nc6 19. f4 exf4 20. Bxg7 Kxg7 21. Rxf4 Rac8 22. Rd2 Rd7 23. d4 Rcd8 24. Rdf2 f5 25. g4 fxg4 26. Rxg4 Nxd4 27. Ne3 Re7 28. Rd2 Rxe3 29.
Rgxd4 Rxd4 30. Rxd4 Re2+ 31. Kg3 Rxa2 32. Rd6 b5 33.
Rb6 Ra3 34. Kg4 Rxb3 35. Rxa6 Rb4+ 36. Kg3 h5 37. Rb6 Kh6 38. Kh3 Rb3+ 39. Kg2 b4 40. Rb5 h4 41. Kg1 h3 42. Rb8 Kg5 43. Rb5+ Kg4 44.
Rb8 Rb1+ 45. Kf2 Rb2+ 46. Kg1 b3 47. Rc8 Rc2 48. Rb8 b2 49. Rb4+ Kh5 50. Rb8 Rc1+ 51. Kf2 b1=Q 52. Rh8+ 0-1

[Event "Early-Titled-Tuesday-Blitz-October-24-2023"]
[Site "Chess.com"]
[Date "2023.10.24"]
[Round "1"]
[White "djano"]
[Black "Josgar05"]
[Result "1/2-1/2"]
[WhiteElo "2669"]
[BlackElo "2368"]
[TimeControl "180+1"]
[EndTime "8:07:53 PDT"]
[Termination "Game drawn - insufficient material"]

1. e4 e6 2. d4 d5 3. Bd3 dxe4 4. Bxe4 Nf6 5. Bf3 Be7 6. Ne2 O-O 7. Nbc3 c5 8. O-O cxd4 9. Qxd4 Qxd4 10. Nxd4 Nbd7 11. Be3 Ne5 12. Be2 Bd7 13. Rad1 Rfd8 14. f3 a6 15. Nb3 Rac8 16. Na5 b5 17. Nb7 Rf8 18. a3 Bc6 19. Na5 Ba8 20. Rd2 h6 21. Rfd1 Nd5 22.
Nxd5 Bxd5 23. Bd4 Nc6 24. Nxc6 Rxc6 25. c3 Bb3 26. Re1 Bg5 27. Rd3 Bc2 28. Re3 Bxe3+ 29. Bxe3 Rd8 30. Kf2 f6 31. g4 e5 32.
f4 exf4 33. Bxf4 Kh7 34. Rc1 Be4 35. Be3 Re6 36. Bd4 Rde8 37. Bf1 Ba8 38. a4 bxa4 39. Ra1 Rb8 40. Bd3+ g6 41. Ra2 Bd5 42. c4 Ba8 43. Bc3 Bc6 44. h4 Rd8 45. Bc2 Kg7 46. Bxa4 Bb7 47.
g5 hxg5 48. hxg5 Rh8 49. Bxf6+ Rxf6+ 50. gxf6+ Kxf6 51. Bd1 Rh2+ 52. Ke3 Ke5 53. Ra5+ Kd6 54. b4 Rb2 55. c5+ Kc7 56. Ra4 Bc6 57. Rxa6 Rxb4 58. Ra7+ Kb8 59. Rg7 Rc4 60. Rxg6 Rxc5 61. Rg7 Bb7 62.
Bb3 Rc7 63. Rg8+ Rc8 64. Rg5 Re8+ 65. Kd4 Rc8 66. Rg7 Rc7 67. Rxc7 Kxc7 1/2-1/2

[Event "Early-Titled-Tuesday-Blitz-October-24-2023"]
[Site "Chess.com"]
[Date "2023.10.24"]
[Round "1"]
[White "Harry_Rakkel"]
[Black "cthulhuuu"]
[Result "1-0"]
[WhiteElo "2698"]
[BlackElo "2380"]
[TimeControl "180+1"]
[EndTime "8:07:54 PDT"]
[Termination "Harry_Rakkel won on time"]

1. e4 d6 2. d4 Nf6 3. Nc3 c6 4. f4 Qb6 5. e5 Nd5 6. Nxd5 cxd5 7. c3 Bf5 8. Ne2 Bg4 9. Qd3 Bxe2 10. Bxe2 e6 11. O-O g6 12. a4 Nc6 13. b4 dxe5 14. fxe5 Nxe5 15. a5 Nxd3 16. axb6 Nxc1 17. Bb5+ Ke7 18.
Rxa7 Rxa7 19. Rxf7+ Kxf7 20. Be8+ Kxe8 21. bxa7 Ne2+ 22.
Kf1 Nxc3 23. a8=Q+ Kf7 24. b5 Be7 25. Qxh8 Nxb5 26.
Qxh7+ Kf6 27. Qh8+ Kf7 28. h4 Bf6 29. Qh7+ Bg7 30.
g4 Nxd4 31. h5 gxh5 32. Qxh5+ Kf8 33. Qg6 b5 34. Qb1 Kf7 35. Qb4 Kg6 36. Kg2 Kg5 37. Kh3 Bf6 38. Qd2+ Kg6 39. g5 Bg7 40. Kg4 Nf5 41.
Qd3 Kf7 42. Qxb5 Ne3+ 43. Kh5 Nf5 44. Qb7+ Ne7 45. g6+ Kf6 46. Qb2+ e5 47. Qf2+ Nf5 48.
Kg4 1-0

[Event "Early-Titled-Tuesday-Blitz-October-24-2023"]
[Site "Chess.com"]
[Date "2023.10.24"]
[Round "1"]
[White "DrCeltic"]
[Black "rezamahdavi2008"]
[Result "0-1"]
[WhiteElo "2487"]
[BlackElo "2886"]
[TimeControl "180+1"]
[EndTime "8:07:55 PDT"]
[Termination "rezamahdavi2008 won by resignation"]

1. e4 e6 2. d4 d5 3. Nc3 Nf6 4.
e5 Nfd7 5. f4 c5 6. Nf3 Nc6 7. Be3 cxd4 8. Nxd4 Qb6 9. Qd2 Qxb2 10. Rb1 Qa3 11. Rb3 Qa5 12. Ncb5 Qxd2+ 13. Kxd2 Kd8 14.
Bd3 Nc5 15. Rb2 Bd7 16. Nd6 Bxd6 17. exd6 Nxd3 18. Nxc6+ Bxc6 19. cxd3 Kd7 20. Bc5 b6 21. Ba3 Rac8 22. Rc1 Ba4 23. Rbb1 f6 24. d4 h5 25.
Rxc8 Rxc8 26. Rc1 Bc6 27. g3 Rh8 28. h4 Rh6 29. Rc3 Rg6 30. Ke2 Rg4 31. Kf2 g5 32.
fxg5 fxg5 33. hxg5 Rxg5 34. Bc1 Rf5+ 35. Bf4 h4 36.
Kf3 hxg3 37. Kxg3 a5 38. Kg4 b5 39. Rh3 Rf7 40. Ra3 a4 41. Be5 b4 42. Rh3 Bb5 43. Rh8 b3 44. axb3 axb3 45. Rb8 Kc6 46. Rc8+ Kb7 47.
Rc1 Bd3 48. Rc3 Bc4 49. Rc1 Kc6 50. Bf4 b2 51. Rb1 Rb7 52. Bc1 bxc1=Q 53. Rxc1 Kxd6 0-1

[Event "Early-Titled-Tuesday-Blitz-October-24-2023"]
[Site "Chess.com"]
[Date "2023.10.24"]
[Round "1"]
[White "SharapovEvgeny"]
[Black "matagordo"]
[Result "1-0"]
[WhiteElo "2603"]
[BlackElo "2278"]
[TimeControl "180+1"]
[EndTime "8:07:55 PDT"]
[Termination "SharapovEvgeny won by resignation"]

1. Nh3 e6 2. Ng1 d5 3. f4 Nf6 4. Nf3 c5 5. g3 Nc6 6. Bg2 Be7 7. O-O O-O 8. b3 a5 9. Bb2 a4 10. e3 Qb6 11. Kh1 c4 12. Nd4 axb3 13. axb3 cxb3 14. Nxb3 Rxa1 15. Bxa1 Bd7 16. Nc3 Ra8 17. Ne2 Ra2 18. Qb1 Qa6 19. Nc3 Ra3 20. Bb2 Qc4 21. Bxa3 Bxa3 22.
Qd1 b5 23. Qe2 b4 24. Qxc4 dxc4 25. Nb5 cxb3 26. cxb3 g6 27. Nxa3 bxa3 28. Ra1 Nb4 29. Rxa3 Bc6 30. Bxc6 Nxc6 31. Kg2 Nd5 32. Kf3 Ndb4 33.
Ke2 Kf8 34. Ra8+ Ke7 35. d3 h5 36. Kd2 Kd6 37. e4 Nd4 38. Kc3 Nbc6 39. Kc4 e5 40.
b4 exf4 41. gxf4 Ne6 42. b5 Ne7 43. Ra6+ Kc7 44. Ra7+ Kd8 45. b6 Nc6 46. Ra8+ Kd7 47. f5 gxf5 48. exf5 Ned8 49. d4 Nb7 50. d5 Ne5+ 51.
Kb5 f6 52. Rh8 Kd6 53. Rxh5 Nd3 54. Rh7 Nd8 55. h4 Nf4 56. h5 Nxd5 57. h6 Ne3 58. Ra7 Nxf5 59. h7 Ne7 60. h8=Q Ne6 61. Qh2+ Kd5 62.
Qd2+ Nd4+ 63. Qxd4+ Kxd4 64. Rxe7 1-0

[Event "Early-Titled-Tuesday-Blitz-October-24-2023"]
[Site "Chess.com"]
[Date "2023.10.24"]
[Round "1"]
[White "Larina_Maria"]
[Black "Aslanov_Umid"]
[Result "0-1"]
[WhiteElo "2232"]
[BlackElo "2576"]
[TimeControl "180+1"]
[EndTime "8:07:56 PDT"]
[Termination "Aslanov_Umid won by resignation"]

1. e4 c5 2. Nc3 d6 3. d4 cxd4 4. Qxd4 Nc6 5. Qd2 g6 6. b3 Bh6 7.
f4 Nf6 8. Bb2 e5 9. Nb5 O-O 10.
Qxd6 Qxd6 11. Nxd6 Bxf4 12. g3 Bh6 13. Nxc8 Raxc8 14. Bd3 Rfe8 15. Nf3 Ng4 16. O-O Be3+ 17. Kg2 Bd4 18.
Bxd4 Nxd4 19. Nxd4 exd4 20. Rfc1 Ne5 21. h3 Rc3 22. Rd1 Rec8 23. Rd2 Nxd3 24. cxd3 Kf8 25. Rad1 Ke7 26. Kf3 a5 27. Kf4 Ke6 28. g4 f6 29.
h4 b5 30. Re1 R8c5 31. g5 b4 32. gxf6 Kxf6 33. Kg4 a4 34. bxa4 Ra3 35. Rb1 Rxa4 36. Rf1+ Ke7 37. Rdf2 h5+ 38. Kg3 Ra3 39. Rf7+ Kd8 40.
Rf8+ Kc7 41. R8f7+ Kb6 42. R1f6+ Kb5 43. Rb7+ Ka4 44.
Rf3 Rxa2 45. Ra7+ Kb3 46. Rd7 Kc3 47. Rd5 Rxd5 48. exd5 Ra5 49. d6 Rd5 50. Rf6 b3 51. Rxg6 b2 52. d7 b1=Q 53. Rc6+ Kd2 54. Rc8 Rxd7 0-1

[Event "Early-Titled-Tuesday-Blitz-October-24-2023"]
[Site "Chess.com"]
[Date "2023.10.24"]
[Round "1"]
[White "alfianasybullina"]
[Black "Boundless_Strike"]
[Result "0-1"]
[WhiteElo "2292"]
[BlackElo "2615"]
[TimeControl "180+1"]
[EndTime "8:07:58 PDT"]
[Termination "Boundless_Strike won by resignation"]

1. d4 e5 2. dxe5 d6 3. Nf3 Bg4 4. e4 Nc6 5. exd6 Bxd6 6. Be2 Qe7 7. Nc3 O-O-O 8. Bd2 Bxf3 9. Bxf3 Bf4 10. Bxf4 Rxd1+ 11.
Rxd1 Nf6 12. O-O h6 13. Rfe1 g5 14. Nd5 Qe6 15. Bxc7 g4 16. Nxf6 Qxf6 17. Bxg4+ Kxc7 18. g3 Ne5 19. Be2 Nf3+ 20. Bxf3 Qxf3 21. Rd3 Qf6 22. e5 Qe6 23. b3 Qe7 24. c4 Rd8 25. Rf3 Rd2 26.
a4 a5 27. Kg2 Rb2 28. Ree3 Kb6 29.
Rf6+ Ka7 30. Rxh6 Qc5 31. Kf3 Qb4 32. Rf6 Qd2 33. Ke4 Qc2+ 34. Kd5 Rxb3 35. Rxb3 Qxb3 36.
Rxf7 Qd3+ 37. Ke6 Qxc4+ 38. Kf6 Qxa4 39. e6 Qd4+ 40. Kg6 a4 41. e7 Qd7 42. Kf6 Qc6+ 43. Kg7 a3 44. Rf8 a2 45. e8=Q Qxe8 46. Rxe8 a1=Q+ 47. Kg6 Qd4 48. Re3 b5 49. h4 b4 50. h5 Qd6+ 51.
Kg7 Qd4+ 52. Kg6 Qb6+ 53. Kg7 b3 54. h6 Qb7+ 55. Kg6 b2 56. h7 b1=Q+ 57. Kg5 Q1xh7 0-1

[Event "Early-Titled-Tuesday-Blitz-October-24-2023"]
[Site "Chess.com"]
[Date "2023.10.24"]
[Round "1"]
[White "Artemiki"]
[Black "Dacean99"]
[Result "1/2-1/2"]
[WhiteElo "2314"]
[BlackElo "2614"]
[TimeControl "180+1"]
[EndTime "8:07:59 PDT"]
[Termination "Game drawn - insufficient material"]

1. e4 d6 2. d4 Nf6 3. Nc3 g6 4. g3 Bg7 5. Bg2 O-O 6. Nge2 e5 7. h3 Nc6 8. Be3 Bd7 9. O-O Re8 10. Re1 exd4 11.
Nxd4 Nxd4 12. Bxd4 c5 13. Be3 Bc6 14. Bf4 Qb6 15.
Bxd6 Qxb2 16. Qd2 Rad8 17. e5 Bxg2 18. Kxg2 Nd7 19. Rab1 Qa3 20. f4 Nxe5 21. fxe5 Bxe5 22. Nb5 Qxg3+ 23. Kf1 Qxh3+ 24. Qg2 Qxg2+ 25. Kxg2 Bxd6 26. Rxe8+ Rxe8 27. Nxd6 Re2+ 28. Kf3 Rxc2 29. Rxb7 Rxa2 30. Nxf7 c4 31. Nh6+ Kf8 32. Rxh7 c3 33. Rc7 c2 34. Ng4 a5 35. Ne3 a4 36. Nxc2 Rb2 37. Ne3 a3 38. Ra7 a2 39. Ke4 Ke8 40. Nd5 Kd8 41. Ke5 Kc8 42. Kd6 Kb8 43. Ra3 Kb7 44. Nc3 g5 45.
Rxa2 Rxa2 46. Nxa2 g4 47. Nc3 g3 48. Ne2 g2 49.
Ke5 Kb6 50. Kf4 Kc5 51. Kg3 Kc4 52. Ng1 Kd3 53. Kxg2 1/2-1/2

[Event "Early-Titled-Tuesday-Blitz-October-24-2023"]
[Site "Chess.com"]
[Date "2023.10.24"]
[Round "1"]
[White "Carow-Kann"]
[Black "VOneChess"]
[Result "1-0"]
[WhiteElo "2604"]
[BlackElo "2244"]
[TimeControl "180+1"]
[EndTime "8:08:00 PDT"]
[Termination "Carow-Kann won on time"]

1. d4 Nf6 2. c4 c5 3. d5 b5 4.
cxb5 a6 5. bxa6 g6 6. Nc3 Bg7 7. a7 Rxa7 8. e4 d6 9. Nf3 O-O 10. a4 Qa5 11. Bd2 Ra8 12. Bd3 Ba6 13. Nb5 Qb6 14.
Bc3 c4 15. Bc2 Bxb5 16. axb5 Rxa1 17. Qxa1 Qxb5 18. O-O Nbd7 19. Nd4 Qb7 20. Nc6 Nc5 21. f3 Ra8 22. Qe1 Nh5 23. Bxg7 Nxg7 24. Qc3 Na4 25. Qxc4 Nxb2 26. Qd4 e5 27. dxe6 Qxc6 28. exf7+ Kxf7 29. Bb3+ Ne6 30. Qxb2 Qb6+ 31. Kh1 Rb8 32. Bxe6+ Kxe6 33. Qg7 Rb7 34. Qg8+ Rf7 35. f4 Qb7 36. f5+ gxf5 37.
exf5+ Kf6 38. Qh8+ Rg7 39. Qf8+ Rf7 40. Qxd6+ Kg7 41. Qd4+ Rf6 42. Qg4+ Kh8 43. h3 Rf7 44. Qf3 Qc7 45. Qe3 Qd6 46. Qc3+ Kg8 47. Qc4 Kg7 48. Qg4+ Kf8 49. Rf3 Rg7 50. Qa4 Qb6 51. Qa8+ Kf7 52. Qa2+ Ke7 53. Qa3+ Ke8 54. Re3+ Kd8 55.
Qf8+ 1-0

[Event "Early-Titled-Tuesday-Blitz-October-24-2023"]
[Site "Chess.com"]
[Date "2023.10.24"]
[Round "1"]
[White "Nozdrachev_Leonid"]
[Black "nitpicker"]
[Result "0-1"]
[WhiteElo "2547"]
[BlackElo "2248"]
[TimeControl "180+1"]
[EndTime "8:08:00 PDT"]
[Termination "nitpicker won on time"]

1. e4 c5 2. Nf3 Nc6 3. d4 cxd4 4. Nxd4 Nf6 5. Nc3 d6 6. Bg5 Qb6 7. Nb3 e6 8. Qd2 a6 9. Bxf6 gxf6 10. O-O-O h5 11. f4 Bd7 12. Kb1 O-O-O 13. g3 h4 14. Bh3 hxg3 15. hxg3 Be7 16. a3 Kb8 17. Bg4 Rxh1 18.
Rxh1 Rg8 19. Qd1 Ka7 20. Rh2 Na5 21. Nxa5 Qxa5 22. Rh7 Be8 23. Bxe6 Rxg3 24. Bxf7 Qb6 25. Nd5 Rg1 26. Nxb6 Rxd1+ 27. Ka2 Bc6 28. Nc8+ Kb8 29.
Nxe7 Bxe4 30. Bb3 Bxh7 31. f5 Rf1 32. Be6 Kc7 33. Nd5+ Kc6 34. Nxf6 Bxf5 35. Bd5+ Kc7 36.
Bc4 Rf2 37. c3 b5 38. Nd5+ Kc6 39. Nb4+ Kc5 40. Bd3 Be6+ 41. Kb1 a5 42. Nc2 Rd2 43. Nd4 Rxd3 44. Nxe6+ Kc4 45. Kc2 Rh3 46. Nd4 Rh2+ 47. Kb1 b4 48. axb4 axb4 49. Nf5 b3 50. Ne3+ Kd3 51.
Nd1 Rh1 52. Kc1 Rg1 53. c4 Rh1 0-1

[Event "Early-Titled-Tuesday-Blitz-October-24-2023"]
[Site "Chess.com"]
[Date "2023.10.24"]
[Round "1"]
[White "xxysoul6"]
[Black "AleksanderHnydiuk"]
[Result "1/2-1/2"]
[WhiteElo "3000"]
[BlackElo "2522"]
[TimeControl "180+1"]
[EndTime "8:08:02 PDT"]
[Termination "Game drawn by repetition"]

1. d4 d5 2. c4 e6 3. Nc3 a6 4. cxd5 exd5 5. Bf4 c6 6. e3 Bd6 7.
Bd3 Ne7 8. Bg5 f6 9. Bh4 Bf5 10.
Bxf6 Bxd3 11. Bxe7 Qxe7 12. Qxd3 O-O 13. Nge2 Nd7 14. O-O Nf6 15. h3 Rae8 16. Rae1 Ne4 17. Nf4 Nxc3 18. bxc3 Bxf4 19. exf4 Qxe1 20. Rxe1 Rxe1+ 21.
Kh2 Rxf4 22. Qg3 Rfe4 23. Qb8+ Re8 24. Qxb7 R8e6 25. Qxa6 R1e2 26. Qc8+ Kf7 27. Qc7+ Kg8 28. Qc8+ Kf7 29. Qd7+ Kf8 30. a4 Rf6 31. a5 Rfxf2 32. Qg4 Ra2 33. a6 Rfb2 34. h4 h5 35. Qf5+ Ke7 36.
Qg5+ Kf8 37. Qf4+ Kg8 38. Qf3 Rxa6 39. Qxh5 Raa2 40. Qe8+ Kh7 41. Qh5+ Kg8 42. Qg6 Rxg2+ 43. Qxg2 Rxg2+ 44. Kxg2 Kf7 45. Kg3 Kf6 46. Kf4 g6 47.
Kg4 Kf7 48. Kg5 Kg7 49. Kg4 Kf7 50. Kf3 Ke6 51. Kg3 Kf7 52. Kg4 Ke6 53. Kg5 Kf7 54. Kh6 Kf6 55. Kh7 Kf7 56. Kh8 Kf8 57. Kh7 Kf7 58. Kh6 Kf6 59. Kh7 Kf7 1/2-1/2

[Event "Early-Titled-Tuesday-Blitz-October-24-2023"]
[Site "Chess.com"]
[Date "2023.10.24"]
[Round "1"]
[White "Ginzburg_Yakov"]
[Black "spotbet"]
[Result "0-1"]
[WhiteElo "2607"]
[BlackElo "2327"]
[TimeControl "180+1"]
[EndTime "8:08:02 PDT"]
[Termination "spotbet won by resignation"]

1. e4 e6 2. d4 d5 3. e5 c5 4. Qg4 c4 5. h4 h5 6. Qg3 Ne7 7. Bg5 Qb6 8. b3 Qxd4 9. c3 Qe4+ 10. Be2 Nf5 11. Qf4 Qxf4 12. Bxf4 cxb3 13. axb3 a6 14. Nf3 Nc6 15. Nbd2 Be7 16. g3 Bd7 17.
O-O Rc8 18. c4 Nb4 19. Rac1 O-O 20. Bg5 f6 21. Bf4 b5 22. Kg2 Bc6 23. cxb5 Bxb5 24. Bxb5 axb5 25. Ra1 Ra8 26. Kh3 Nd3 27. Rxa8 Rxa8 28.
exf6 Nxf4+ 29. gxf4 gxf6 30. Rc1 Bd6 31. Rc6 Kf7 32. Nd4 Bxf4 33. Nxf5 Bxd2 34. Rc7+ Kf8 35. Nd4 e5 36. Ne6+ Kg8 37. Rg7+ Kh8 38. Rg6 Ra3 39. Rxf6 Rxb3+ 40. Kg2 Rc3 41. Nd8 Kg7 42. Rb6 b4 43.
Rxb4 Rg3+ 44. Kxg3 Bxb4 45. Nc6 Bd6 46. Kf3 Kf6 47. Na5 e4+ 48. Ke3 Bc5+ 49. Ke2 Kf5 50. Nc6 d4 51. f3 d3+ 52. Kd2 exf3 53. Kxd3 Kg4 54. Ne5+ Kg3 55. Nc4 Kxh4 56. Nd2 Kg3 57. Ne4+ Kg2 58. Nxc5 f2 59. Ke3 f1=Q 60. Nd3 Qf3+ 61.
Kd2 Qxd3+ 62. Kxd3 h4 0-1

[Event "Early-Titled-Tuesday-Blitz-October-24-2023"]
[Site "Chess.com"]
[Date "2023.10.24"]
[Round "1"]
[White "jaskol95"]
[Black "ferrufino64"]
[Result "1-0"]
[WhiteElo "2562"]
[BlackElo "2201"]
[TimeControl "180+1"]
[EndTime "8:08:02 PDT"]
[Termination "jaskol95 won by resignation"]

1. e4 c5 2. Nf3 d6 3. Bb5+ Bd7 4. a4 a6 5. Bc4 Nc6 6. Nc3 e6 7. d4 cxd4 8. Nxd4 Be7 9. O-O Nf6 10.
Be3 O-O 11. Qd2 Rc8 12. Be2 Ne5 13. h3 Qc7 14. Rad1 Rfd8 15. f4 Nc4 16. Bxc4 Qxc4 17. e5 Nd5 18. Nxd5 Qxd5 19. Nf5 Qxd2 20. Nxe7+ Kf8 21.
Rxd2 Kxe7 22. exd6+ Kf6 23. Bd4+ Kg6 24. Rf3 f6 25.
Bb6 Re8 26. b3 Rc6 27. Bf2 e5 28. fxe5 Rxe5 29. c4 b5 30. axb5 axb5 31. c5 Kf7 32.
Kf1 Rc8 33. Re2 Rce8 34. Rxe5 Rxe5 35. Bd4 Re4 36. Be3 Ke6 37. Ke2 Kd5 38. Kd3 Re8 39.
g4 b4 40. Rf4 Bb5+ 41. Kd2 Re4 42. Rf5+ Kc6 43. g5 Re6 44. gxf6 Rxf6 45. Rxf6 gxf6 46. Bd4 f5 47. Ke3 Kd5 48. Bb2 Ke6 49. Kf4 Bc6 50.
Bd4 Bb5 51. Be3 Bc6 52. Bd2 Bd5 53. Bxb4 Bxb3 54. c6 Ba4 55. d7 Bxc6 56. d8=Q 1-0

[Event "Early-Titled-Tuesday-Blitz-October-24-2023"]
[Site "Chess.com"]
[Date "2023.10.24"]
[Round "1"]
[White "FoxOnTheRun97"]
[Black "DonCiao"]
[Result "1-0"]
[WhiteElo "2547"]
[BlackElo "2138"]
[TimeControl "180+1"]
[EndTime "8:08:03 PDT"]
[Termination "FoxOnTheRun97 won on time"]

1. d4 Nf6 2. Bg5 g6 3. Bxf6 exf6 4. e3 Bg7 5. g3 d5 6. Bg2 O-O 7. Ne2 c6 8. O-O f5 9. Qd3 Nd7 10. c4 Nf6 11. Nbc3 dxc4 12. Qxc4 Be6 13. Qb4 Qb6 14.
a3 Qxb4 15. axb4 a6 16. Nf4 Bc4 17. Rfc1 Rad8 18. h4 h6 19. Ra3 g5 20. Nh3 Nh7 21. b3 Be6 22. Na4 f6 23. Nc5 Bc8 24. Ra2 Rfe8 25.
Kf1 Nf8 26. Rac2 Ne6 27. Ng1 Nc7 28. Ne2 Nd5 29. Bxd5+ Rxd5 30. Nc3 Rdd8 31. N3a4 f4 32. Rc3 fxe3 33. fxe3 Re7 34. Nb6 Bg4 35. Kf2 f5 36. hxg5 hxg5 37. Nd3 Kf7 38. Nc4 Rh8 39.
Nce5+ Kf6 40. Nxg4+ fxg4 41. Rg1 Rh2+ 42. Rg2 Rxg2+ 43.
Kxg2 Rxe3 44. Kf2 Rf3+ 45. Ke2 Kg6 46. Rc4 Rf5 47. Nc5 Rd5 48. Nxb7 Rxd4 49. Nc5 Rd5 50. Nxa6 Re5+ 51. Kf2 Re6 52. Nc5 Rf6+ 53. Kg2 Rd6 54.
Rxg4 Rd2+ 55. Kf3 Bd4 56. Re4 Rf2+ 57. Kg4 Rf7 58. Re6+ Kg7 59. Rxc6 1-0